 Dungeon Sprint DCSS version 0.21-a0-421-gfc1ce30 (webtiles) character file.

15890 Kidiri the Martial Artist (level 12, -11/139 HPs)
             Began as a White Draconian Transmuter on Nov 3, 2017.
             Was the Champion of Wu Jian.
             Mangled by a black draconian
             ... wielding a +0 halberd
              (19 damage)
             ... in the Dungeon (Sprint V: "Ziggurat Sprint") on Nov 4, 2017.
             The game lasted 00:20:50 (1947 turns).

Kidiri the Martial Artist (DrTm)                    Turns: 1947, Time: 00:20:51

Health: -11/139    AC:  9    Str: 24    XL:     12   Next: 5%
Magic:  10/25      EV: 14    Int: 21    God:    Wu Jian [******]
Gold:   0          SH:  0    Dex: 20    Spells: 3/29 levels left

rFire    . . .     SeeInvis .     - Unarmed
rCold    . . .     Gourm    .   (shield currently unavailable)
rNeg     . . .     Faith    .   (armour unavailable)
rPois    +         Spirit   .   (helmet currently unavailable)
rElec    +         Reflect  .   (cloak currently unavailable)
rCorr    .         Harm     .   (gloves currently unavailable)
MR       .....     NoTele   +   (boots currently unavailable)
Stlth    ++........             N - amulet "Nonweot" {rElec MR- Regen+ Str+4 Int+6}
HPRegen  0.73/turn              C - +6 ring of dexterity
MPRegen  0.19/turn              G - +6 ring of strength

@: exhausted, hydra-form, glowing, heavenly storm
A: (breathe frost), unfitting armour, AC +8
a: End Transformation, Serpent's Lash, Heavenly Storm, Renounce Religion


You were in the Dungeon.
You worshipped Wu Jian.
Wu Jian was exalted by your worship.
You were not hungry.
You were a six-headed hydra.
You visited 1 branch

Inventory:

Missiles
 a - 4 arrows
Armour
 I - a +3 buckler
 J - a +3 large shield
 K - a +3 shield (melded)
 L - the +18 shield of the Gong {rElec rN+ MR+ EV-5}
   (You found it in the Dungeon)

   It affects your evasion (-5).
   It insulates you from electricity.
   It protects you from negative energy.
   It affects your resistance to hostile enchantments.
 T - a +2 pair of gloves of strength (melded)
Jewellery
 C - a +6 ring of dexterity (left foreclaw)
 D - a +6 ring of dexterity
 G - a +6 ring of strength (right foreclaw)
 H - a +6 ring of strength
 N - the amulet "Nonweot" (around neck) {rElec MR- Regen+ Str+4 Int+6}
   (You took it off an iron imp in the Dungeon)

   [amulet of regeneration]

   It affects your strength (+4).
   It affects your intelligence (+6).
   It insulates you from electricity.
   It affects your resistance to hostile enchantments.
   It increases your rate of regeneration.
 P - a +4 amulet of reflection
 Q - the ring "Zyaganki" {Ice rElec rPois Int+2}
   (You found it in the Dungeon)

   [ring of ice]

   It enhances your ice magic.
   It affects your intelligence (+2).
   It makes you vulnerable to fire.
   It protects you from cold.
   It insulates you from electricity.
   It protects you from poison.
 R - the ring of Lady Luck {AC+3 Str+4 Slay+2}
   (You found it in the Dungeon)

   [ring of protection]

   It affects your AC (+3).
   It affects your strength (+4).
   It affects your accuracy and damage with ranged weapons and melee attacks
   (+2).
 S - an uncursed ring of magical power
Wands
 y - a wand of disintegration (7/24)
 z - a wand of iceblast (5/15)
 A - a wand of lightning (5/15)
 B - a wand of acid (5/15)
Scrolls
 i - 4 scrolls of blinking
 p - 4 scrolls of amnesia
 q - 5 scrolls of recharging
 r - 7 scrolls of fog
 s - a scroll of holy word
 t - 5 scrolls of identify
 u - 5 scrolls of remove curse
 v - 2 scrolls of fear
 M - a scroll of brand weapon
Potions
 d - 10 potions of curing
 e - 5 potions of heal wounds
 f - 6 potions of haste
 g - 7 potions of magic
 h - 3 potions of berserk rage
 j - 2 potions of brilliance
 k - 2 potions of invisibility
 l - 4 potions of resistance
 n - 5 potions of agility
 o - 5 potions of might
Books
 b - a book of Changes

   Spells                             Type                      Level
   a - Beastly Appendage              Transmutation                1
   b - Sticks to Snakes               Transmutation                2
   c - Spider Form                    Transmutation/Poison         3
   d - Ice Form                       Ice/Transmutation            4
   e - Blade Hands                    Transmutation                5
 m - a Fen Folio

   Spells                             Type                      Level
   a - Corpse Rot                     Necromancy                   2
   b - Stone Arrow                    Conjuration/Earth            3
   c - Leda's Liquefaction            Hexes/Earth                  4
   d - Summon Forest                  Summoning/Translocation      5
   e - Hydra Form                     Transmutation                6
   f - Summon Hydra                   Summoning                    7
 E - a book of Dreams

   Spells                             Type                      Level
   a - Ensorcelled Hibernation        Hexes/Ice                    2
   b - Silence                        Hexes/Air                    5
   c - Darkness                       Hexes                        6
   d - Shadow Creatures               Summoning                    6
 F - the Handbook of the Flying Blaze
   (You found it in the Dungeon)

   Spells                             Type                      Level
   a - Poisonous Vapours              Poison/Air                   2
   b - Static Discharge               Conjuration/Air              3
   c - Inner Flame                    Hexes/Fire                   3
   d - Silence                        Hexes/Air                    5
   e - Deflect Missiles               Charms/Air                   6
 O - a book of Minor Magic

   Spells                             Type                      Level
   a - Magic Dart                     Conjuration                  1
   b - Blink                          Translocation                2
   c - Call Imp                       Summoning                    2
   d - Slow                           Hexes                        2
   e - Conjure Flame                  Conjuration/Fire             3
   f - Mephitic Cloud                 Conjuration/Poison/Air       3
 U - Bipebyi's Volume of Good Luck
   (You found it in the Dungeon)

   Spells                             Type                      Level
   a - Infusion                       Charms                       1
   b - Song of Slaying                Charms                       2
   c - Excruciating Wounds            Charms/Necromancy            5
   d - Iskenderun's Battlesphere      Conjuration/Charms           5
   e - Ring of Flames                 Charms/Fire                  7
 V - a book of Summonings

   Spells                             Type                      Level
   a - Recall                         Summoning/Translocation      3
   b - Aura of Abjuration             Summoning                    5
   c - Summon Demon                   Summoning                    5
   d - Summon Forest                  Summoning/Translocation      5
   e - Summon Mana Viper              Hexes/Summoning              5
   f - Shadow Creatures               Summoning                    6
Comestibles
 c - 5 bread rations
 w - 31 fruits
 x - 4 meat rations


   Skills:
 + Level 10.5 Fighting
 + Level 9.1 Dodging
 + Level 9.6 Stealth
 + Level 9.6 Shields
 * Level 13.5 Unarmed Combat
 + Level 9.2 Spellcasting
 + Level 2.0 Charms
 * Level 13.4 Transmutations
 + Level 10.6 Ice Magic
 + Level 2.9 Air Magic
 + Level 9.0 Poison Magic


You had 3 spell levels left.
You knew the following spells:

 Your Spells              Type           Power        Failure   Level  Hunger
a - Beastly Appendage     Tmut           ######       1%          1    None
b - Sticks to Snakes      Tmut           ######..     1%          2    None
c - Spider Form           Tmut/Pois      ######....   1%          3    None
d - Ice Form              Ice/Tmut       ######..     1%          4    ##.....
e - Blade Hands           Tmut           ######....   1%          5    #####..
f - Hydra Form            Tmut           ######....   4%          6    ######.
g - Mephitic Cloud        Conj/Pois/Air  ####....     4%          3    None
h - Song of Slaying       Chrm           ###.....     4%          2    None


Dungeon Overview and Level Annotations

Branches:
Dungeon (1/1)

Altars:
Ashenzari
Cheibriados
Dithmenos
Elyvilon
Fedhas
Gozag
Hepliaklqana
Kikubaaqudgha
Makhleb
Nemelex Xobeh
Okawaru
Qazlal
Ru
Sif Muna
Trog
Uskayaw
Vehumet
Wu Jian
Xom
Yredelemnul
Zin
The Shining One
Beogh
Jiyva
Lugonu

Annotations:
D 1 transporter


Innate Abilities, Weirdness & Mutations

((You can breathe waves of freezing cold.))
((You can buffet flying creatures when you breathe cold.))
((Your icy white scales are hard. (AC +8)))
You cannot fit into any form of body armour.
((Your flesh is cold resistant. (rC+)))
((You are cold-blooded and may be slowed by cold attacks.))


Message History

The searing blast misses you. You block the Orb Guardian's attack.
The black draconian breathes lightning at you.
The bolt of lightning hits you! You resist.
The bolt of lightning hits the red draconian.
You block the purple draconian's attack.
You see here a scimitar.
Unknown command.
Unknown command.
Casting: Song of Slaying
Confirm with . or Enter, or press ? or * to list all spells.
You turn into a six-headed hydra.
Your +2 pair of gloves of strength melds into your body.
Your +3 shield melds into your body.
You feel weaker. The Orb Guardian hits you.
The red draconian hits you with a glaive.
The purple draconian misses you. The Orb Guardian hits you!!!
* * * LOW HITPOINT WARNING * * *
The black draconian hits you from afar with a halberd!!
You die...

▓.........▓
▓▓▓▓▓▓▓▓▓▓▓▓▓.........▓
▓....8©8....▓....©....▓
▓..|)))|.|..▓▓▓▓▓▓▓▓▓▓▓
▓...|):})...▓...8©8...▓
▓....§§§§§..▓...)..[..▓
▓...§§dd§§..▓...[)})..▓
▓...§dqXd§..▓.....))..▓
▓...ddD§§§..▓....))...▓
▓..▓§§§§§▓..▓.........▓
▓ ▓▓§§§▓▓ .▓.........▓
▓..▓§§§§§▓..▓.▓.....▓.▓
▓...§§§§§...▓....©....▓
▓▓▓▓▓▓▓▓▓▓▓▓▓▓▓▓▓▓▓▓▓▓▓
▓...8©8...▓...8©8...▓..
▓....[)}).▓..).|}[..▓..
▓..}|}}:..▓..))}})..▓..


You could see a white draconian monk, 2 draconians, a green draconian, 2
draconians, a red draconian and an Orb Guardian (berserk).

Vanquished Creatures
  A lich (D)
  A tentacled starspawn (D)
  A ghoul (D)
  A yellow draconian (D)
  A green draconian (D)
  A red draconian (D)
  3 two-headed ogres (D)
  A skeletal warrior (D)
  4 cyclopes (D)
  A moth of wrath (D)
  3 rust devils (D)
  A hellion (D)
  An ice devil (D)
  2 merfolk (D)
  A slime creature (D)
  3 hippogriffs (D)
  A flying skull (D)
  A tarantella (D)
  2 shadows (D)
  A wraith (D)
  A large abomination (D)
  A hell hound (D)
  A floating eye (D)
  An ogre (D)
  A scorpion (D)
  3 wights (D)
  2 crimson imps (D)
  5 quasits (D)
  2 jellies (D)
  An orc priest (D)
  3 orc wizards (D)
  5 iron imps (D)
  3 mummies (D)
  3 shadow imps (D)
  A white imp (D)
  2 oozes (D)
  2 adder skeletons (D)
  An adder zombie (D)
  4 orcs (D)
  3 bat zombies (D)
  A giant cockroach zombie (D)
  A leopard gecko zombie (D)
  2 starspawn tentacles (D)
80 creatures vanquished.

Vanquished Creatures (collateral kills)
  A scorpion (D)
1 creature vanquished.

Grand Total: 81 creatures vanquished

Notes
Turn   | Place    | Note
-------+----------+-------------------------------------------
     0 | D        | Found the +6 Majin-Bo {vamp, Archmagi MP+6 Int+6}
     0 | D        | Found the +7 great mace "Firestarter" {inner flame, rF++}
     0 | D        | Kidiri the Draconian Transmuter began the quest for the Orb.
     0 | D        | Reached XP level 1. HP: 16/16 MP: 3/3
     0 | D        | Found a deep blue altar of Sif Muna.
     0 | D        | Found a bloodstained altar of Trog.
     0 | D        | Found a sacrificial altar of Ru.
     0 | D        | Found a stormy altar of Qazlal.
     0 | D        | Found an iron altar of Okawaru.
     1 | D        | Found a sparkling altar of Nemelex Xobeh.
     1 | D        | Found a blossoming altar of Fedhas.
     3 | D        | Found a transporter.
     3 | D        | Found an ancient bone altar of Kikubaaqudgha.
     3 | D        | Found a viscous altar of Jiyva.
     3 | D        | Found a corrupted altar of Lugonu.
     3 | D        | Found a hazy altar of Hepliaklqana.
     3 | D        | Found a burning altar of Makhleb.
     3 | D        | Found an opulent altar of Gozag.
    20 | D        | Found the +9 heavy crossbow "Sniper" {velocity, Acc+∞ SInv}
    20 | D        | Found the +10 dark maul {crush}
    20 | D        | Found the +15 Maxwell's patent armour {-Cast -Tele rElec MR+ rCorr}
    20 | D        | Found the +18 shield of the Gong {rElec rN+ MR+ EV-5}
    20 | D        | Found the cursed +14 obsidian axe {chop, +Fly SInv *Curse}
    29 | D        | Upgraded the game from 0.21-a0-417-g0adc95b to 0.21-a0-421-gfc1ce30
    46 | D        | Became a worshipper of the Wu Jian Council
    64 | D        | Reached XP level 2. HP: 25/25 MP: 3/5
    68 | D        | Learned a level 2 spell: Sticks to Snakes
    87 | D        | Entered arena 2.
    87 | D        | Noticed a floating eye
    87 | D        | Found a transporter.
    92 | D        | Killed a floating eye
    92 | D        | Reached skill level 5 in Unarmed Combat
    92 | D        | Reached skill level 5 in Transmutations
    92 | D        | Reached XP level 3. HP: 33/33 MP: 5/8
    92 | D        | Reached XP level 4. HP: 40/40 MP: 5/9
   100 | D        | Learned a level 3 spell: Spider Form
   105 | D        | Learned a level 4 spell: Ice Form
   448 | D        | Entered arena 3.
   448 | D        | Noticed a tarantella
   448 | D        | Found a transporter.
   457 | D        | Reached * piety under Wu Jian
   457 | D        | Reached skill level 1 in Ice Magic
   457 | D        | Reached skill level 1 in Poison Magic
   457 | D        | Reached XP level 5. HP: 36/46 MP: 1/10
   465 | D        | Killed a tarantella
   465 | D        | Reached XP level 6. HP: 27/55 MP: 1/12
   666 | D        | Entered arena 4.
   666 | D        | Noticed a slime creature
   666 | D        | Found a transporter.
   671 | D        | Reached ** piety under Wu Jian
   674 | D        | Reached skill level 5 in Fighting
   675 | D        | Killed a slime creature
   675 | D        | Your scales start taking on an icy white colour.
   675 | D        | Reached XP level 7. HP: 52/61 MP: 9/14
   675 | D        | Gained mutation: Your flesh is cold resistant. (rC+) [White Draconian growth]
   676 | D        | Reached skill level 5 in Spellcasting
   714 | D        | Learned a level 5 spell: Blade Hands
   767 | D        | Entered arena 5.
   767 | D        | Found a transporter.
   771 | D        | Reached *** piety under Wu Jian
   778 | D        | Got the ring "Tymaus" {Dex+3 Stlth+}
   804 | D        | Entered arena 6.
   804 | D        | Found a transporter.
   806 | D        | Reached **** piety under Wu Jian
   806 | D        | Reached skill level 5 in Dodging
   807 | D        | Reached skill level 5 in Stealth
   807 | D        | Reached skill level 5 in Shields
   812 | D        | Got the amulet "Nonweot" {rElec MR- Regen+ Str+4 Int+6}
   848 | D        | Entered arena 7.
   848 | D        | Noticed a cyclops
   848 | D        | Noticed a merfolk
   848 | D        | Noticed a hippogriff
   848 | D        | Noticed a merfolk
   848 | D        | Noticed a hippogriff
   848 | D        | Noticed a hippogriff
   857 | D        | Found a transporter.
   858 | D        | Killed a hippogriff
   858 | D        | Reached ***** piety under Wu Jian
   858 | D        | Reached XP level 8. HP: 33/70 MP: 4/16
   861 | D        | Killed a cyclops
   861 | D        | Reached skill level 5 in Ice Magic
   863 | D        | Killed a hippogriff
   869 | D        | Killed a merfolk
   870 | D        | Killed a hippogriff
   870 | D        | Reached skill level 5 in Poison Magic
   873 | D        | Killed a merfolk
   873 | D        | Reached XP level 9. HP: 32/79 MP: 6/18
   897 | D        | Got the ring "Zyaganki" {Ice rElec rPois Int+2}
  1087 | D        | Entered arena 8.
  1088 | D        | Found a transporter.
  1100 | D        | Identified Ysarph's Almanac of Frigorific Blows and Bruises (You found it in the Dungeon)
  1105 | D        | Identified Ysarph's Almanac of Frigorific Blows and Bruises (You found it in the Dungeon)
  1225 | D        | Got the ring of Lady Luck {AC+3 Str+4 Slay+2}
  1228 | D        | Entered arena 9.
  1228 | D        | Noticed a cyclops
  1228 | D        | Noticed a two-headed ogre
  1228 | D        | Noticed a cyclops
  1228 | D        | Noticed a cyclops
  1228 | D        | Noticed a two-headed ogre
  1228 | D        | Noticed a two-headed ogre
  1231 | D        | Found a transporter.
  1233 | D        | Killed a two-headed ogre
  1233 | D        | Reached skill level 10 in Unarmed Combat
  1233 | D        | Reached skill level 10 in Transmutations
  1233 | D        | Killed a cyclops
  1233 | D        | Killed a cyclops
  1235 | D        | Killed a two-headed ogre
  1235 | D        | Reached XP level 10. HP: 76/88 MP: 14/20
  1235 | D        | Killed a cyclops
  1237 | D        | Killed a two-headed ogre
  1268 | D        | Learned a level 6 spell: Hydra Form
  1279 | D        | Learned a level 3 spell: Mephitic Cloud
  1282 | D        | Entered arena 10.
  1283 | D        | Found a transporter.
  1290 | D        | Reached ****** piety under Wu Jian
  1357 | D        | Identified Bipebyi's Volume of Good Luck (You found it in the Dungeon)
  1363 | D        | Entered arena 11.
  1363 | D        | Noticed a tentacled starspawn
  1364 | D        | Found a transporter.
  1370 | D        | Killed a tentacled starspawn
  1524 | D        | Identified the Handbook of the Flying Blaze (You found it in the Dungeon)
  1528 | D        | Entered arena 12.
  1528 | D        | Noticed a ghoul
  1528 | D        | Noticed a lich
  1529 | D        | Noticed a skeletal warrior
  1530 | D        | Found a transporter.
  1537 | D        | Reached XP level 11. HP: 66/97 MP: 17/23
  1537 | D        | Killed a skeletal warrior
  1537 | D        | Killed a lich
  1539 | D        | Killed a ghoul
  1712 | D        | Entered arena 13.
  1714 | D        | Found a transporter.
  1722 | D        | Reached skill level 10 in Ice Magic
  1723 | D        | Reached skill level 10 in Fighting
  1723 | D        | Reached skill level 1 in Air Magic
  1868 | D        | Learned a level 2 spell: Song of Slaying
  1940 | D        | Entered arena 14.
  1941 | D        | Noticed a green draconian
  1941 | D        | Noticed a yellow draconian
  1941 | D        | Noticed a red draconian
  1941 | D        | Noticed a black draconian
  1941 | D        | Noticed a purple draconian
  1942 | D        | Noticed a red draconian
  1942 | D        | Noticed a green draconian
  1943 | D        | Noticed a purple draconian
  1943 | D        | Noticed an Orb Guardian
  1943 | D        | Noticed a black draconian
  1943 | D        | Noticed a white draconian monk
  1945 | D        | Found a transporter.
  1945 | D        | Killed a red draconian
  1945 | D        | Killed a green draconian
  1945 | D        | Reached skill level 1 in Charms
  1945 | D        | Killed a yellow draconian
  1945 | D        | Reached XP level 12. HP: 107/107 MP: 16/25
  1947 | D        | Mangled by a black draconian

Vault maps used:
D:        sprint_v

Skill      XL: |  1  2  3  4  5  6  7  8  9 10 11 12 |
---------------+-------------------------------------+-----
Fighting       | 2 3 4 5 6 7 8 9 10 | 10.5
Dodging        | 2 3 4 5 6 7 9 |  9.1
Stealth        | 2 3 4 5 6 7 8 9 |  9.6
Shields        | 2 3 4 5 6 7 8 9 |  9.6
Unarmed Combat | 4 5 6 7 8 9 11 12 13 | 13.5
Transmutations | 3 5 6 7 8 9 10 11 13 | 13.4
Spellcasting   | 3 4 5 6 7 8 9 |  9.2
Ice Magic      | 1 2 3 4 6 7 9 10 | 10.6
Poison Magic   | 1 2 3 4 5 6 7 8 9 |  9.0
Air Magic      | 2 |  2.9
Charms         | 1 2 |  2.0

Action                   |  1- 3 |  4- 6 |  7- 9 | 10-12 || total
-------------------------+-------+-------+-------+-------++-------
Melee: Unarmed           |     3 |    18 |    58 |    71 ||   150
       Tailslap          |     2 |     1 |     6 |       ||     9
       Punch             |     1 |       |     3 |       ||     4
       Headbutt          |     1 |       |       |       ||     1
 Cast: Beastly Appendage |     1 |     1 |       |       ||     2
       Sticks to Snakes  |       |     3 |     4 |       ||     7
       Spider Form       |       |     1 |       |       ||     1
       Ice Form          |       |     1 |       |       ||     1
       Blade Hands       |       |       |     5 |       ||     5
       Hydra Form        |       |       |       |     6 ||     6
       Song of Slaying   |       |       |       |     1 ||     1
Invok: Serpent's Lash    |       |       |     2 |     4 ||     6
       Heavenly Storm    |       |       |     2 |     4 ||     6
 Abil: Breathe Frost     |       |       |     2 |       ||     2
  Use: Potion            |     1 |       |     5 |       ||     6
 Stab: Sleeping          |       |     1 |     1 |       ||     2
       Distracted        |       |       |     1 |       ||     1
  Eat: Fruit             |       |    11 |       |       ||    11
Armor: Skin              |       |     1 |     7 |    18 ||    26
Dodge: Dodged            |       |    16 |    59 |    38 ||   113
Block: Shield            |       |       |       |     2 ||     2

Table legend:
 A = Spawn XP
 B = Non-spawn XP
 C = Spawn XP percentage of total XP
 D = Spawn monster count
 E = Non-spawn monster count
 F = Spawn count percentage of total count
 G = Total turns spent on level
                    A         B        C        D         E        F      G
               +---------+---------+-------+---------+---------+-------+---------
         Total |       0 |   22688 |   0.0 |       0 |      79 |   0.0 |  1947
               +---------+---------+-------+---------+---------+-------+---------
             D |       0 |   22688 |   0.0 |       0 |      79 |   0.0 |  1947
               +---------+---------+-------+---------+---------+-------+---------
